Map: 2000 Atmospheres LE

Players

TLHarstem (Harstem)

  • Race: Protoss Protoss
  • League: Master

Lambo - Winner!

  • Race: Zerg Zerg
  • League: Grandmaster

Event: DreamHack SC2 Masters 2021 Summer

VOD

Have the link to the VOD?

Description

Time

  • Played on: May 26, 2021, 12:07 p.m.
  • Length: 14:23

All games in this series

Show
View Real Time Build Order
Export as new Build Order

TLHarstem Protoss 

Build Orders: 1 Gate Expand, Oracle Opening, Zealot Archon 

Get SALT Encoding   

  12  0:00  Probe  
  13  0:12  Probe  
  14  0:19  Pylon  
  14  0:24  Probe (Chrono Boost)  
  15  0:37  Probe (Chrono Boost)  
  15  0:40  Gateway  
  16  0:45  Probe (Chrono Boost)  
  16  0:49  Assimilator  
  17  0:52  Probe  
  18  1:04  Probe  
  19  1:16  Probe  
  20  1:26  Nexus  
  20  1:37  Cybernetics Core  
  20  1:40  Probe  
  21  1:48  Assimilator  
  21  1:52  Probe  
  22  1:55  Pylon  
  22  2:04  Probe  
  23  2:10  Adept (Chrono Boost)  
  25  2:16  Probe  
  26  2:23  Stargate  
  26  2:28  Probe (Chrono Boost)  
  27  2:33  Adept  
  29  2:37  Warp Gate  
  29  2:40  Probe (Chrono Boost)  
  29  2:42  Probe (Chrono Boost)  
  31  2:49  Probe (Chrono Boost)  
  31  2:50  Probe (Chrono Boost)  
  33  2:55  Probe x2 (Chrono Boost)  
  35  2:58  Void Ray (Chrono Boost)  
  35  3:05  Probe  
  36  3:06  Probe  
  41  3:16  Pylon  
  41  3:17  Probe  
  41  3:19  Probe, Gateway  
  43  3:29  Probe  
  43  3:31  Probe  
  45  3:34  Oracle  
  45  3:41  Pylon, Probe  
  48  3:43  Probe  
  50  3:52  Nexus  
  50  3:55  Probe  
  51  3:57  Probe  
  51  4:00  Robotics Facility  
  52  4:07  Probe  
  52  4:09  Assimilator, Pylon, Probe  
  54  4:17  Oracle (Chrono Boost)  
  54  4:18  Forge  
  54  4:19  Probe  
  58  4:25  Assimilator, Probe  
  60  4:31  Probe  
  60  4:35  Shield Battery  
  60  4:37  Probe  
  61  4:38  Adept  
  61  4:39  Adept  
  61  4:43  Pylon, Probe  
  66  4:48  Pylon  
  66  4:49  Probe  
  67  4:54  Robotics Bay  
  67  4:55  Probe  
  68  5:01  Observer (Chrono Boost)  
  68  5:02  Probe  
  68  5:06  Probe  
  71  5:07  Probe  
  71  5:08  Protoss Ground Weapons Level 1  
  71  5:12  Gateway  
  71  5:13  Gateway  
  72  5:15  Probe  
  72  5:18  Probe  
  72  5:19  Probe  
  75  5:27  Probe (Chrono Boost)  
  76  5:30  Probe (Chrono Boost)  
  76  5:32  Probe (Chrono Boost)  
  78  5:39  Probe (Chrono Boost), Twilight Council  
  78  5:40  Pylon  
  78  5:42  Sentry, Probe (Chrono Boost)  
  83  5:43  Assimilator, Probe (Chrono Boost), Zealot  
  83  5:45  Pylon, Probe (Chrono Boost), Disruptor  
  83  5:47  Assimilator  
  89  5:50  Probe  
  89  5:53  Probe  
  89  5:57  Probe  
  89  6:01  Gateway  
  89  6:02  Gateway  
  89  6:03  Probe  
  90  6:18  Probe  
  88  6:21  Disruptor (Chrono Boost)  
  88  6:22  Probe  
  88  6:24  Zealot x4  
  98  6:26  Gateway  
  98  6:27  Gateway  
  98  6:30  Charge  
  98  6:32  Templar Archives  
  96  6:34  Photon Cannon x2  
  96  6:46  Warp Prism (Chrono Boost)  
  96  6:47  Pylon  
  96  6:50  Zealot x2  
  96  6:53  Phoenix  
  104  6:56  Pylon  
  104  6:58  Shield Battery  
  104  7:03  Probe  
  104  7:05  Pylon  
  105  7:11  High Templar x4  
  105  7:14  Nexus  
  113  7:17  Pylon, Archon x2  
  113  7:25  Phoenix (Chrono Boost)  
  113  7:29  Shield Battery, Probe  
  116  7:31  Zealot x4  
  124  7:39  Protoss Ground Weapons Level 2, Photon Cannon  
  124  7:42  Shield Battery, Phoenix (Chrono Boost)  
  121  7:44  Photon Cannon  
  121  7:49  Photon Cannon  
  121  7:54  Probe  
  121  7:55  Probe  
  121  7:56  High Templar x2  
  121  7:58  Zealot x3  
  133  8:01  Warp Prism (Chrono Boost)  
  133  8:03  Photon Cannon  
  135  8:06  Archon, Phoenix (Chrono Boost)  
  135  8:11  Assimilator  
  137  8:15  Assimilator  
  137  8:23  Protoss Air Weapons Level 1  
  137  8:26  Stargate  
  137  8:34  Pylon  
  135  8:38  Stalker x4  
  135  8:40  Probe  
  145  8:41  Probe  
  145  8:42  Phoenix (Chrono Boost)  
  145  8:45  Probe  
  145  8:47  Probe  
  143  8:52  Probe  
  143  8:53  Probe  
  143  8:54  Stalker x4  
  150  9:02  Phoenix (Chrono Boost)  
  150  9:03  Zealot x4  
  150  9:05  Probe  
  150  9:06  Probe x3  
  142  9:17  Probe  
  142  9:18  Probe, Zealot x3  
  142  9:19  Probe  
  142  9:20  Probe  
  146  9:37  Zealot x3  
  146  9:38  Zealot  
  144  9:39  Zealot x4  
  144  9:45  Phoenix (Chrono Boost)  
  150  9:46  Phoenix (Chrono Boost)  
  150  9:52  Probe (Chrono Boost)  
  156  9:57  Probe (Chrono Boost)  
  156  9:58  Probe x2 (Chrono Boost)  
  156  10:02  High Templar x2  
  156  10:03  High Templar x2  
  156  10:05  Pylon  
  164  10:07  Archon x2  
  164  10:08  Pylon  
  164  10:11  Probe  
  164  10:14  Phoenix, Photon Cannon  
  163  10:25  Phoenix  
  165  10:29  Stalker x3  
  165  10:33  Stalker, Probe  
  160  10:36  Zealot x3  
  160  10:38  Shield Battery  
  160  10:39  Phoenix (Chrono Boost)  
  164  10:48  Stalker  
  145  10:52  Phoenix (Chrono Boost)  
  137  10:57  Probe (Chrono Boost)  
  137  10:59  Probe (Chrono Boost)  
  137  11:00  Probe (Chrono Boost)  
  137  11:01  Phoenix (Chrono Boost)  
  137  11:03  Zealot  
  138  11:08  Phoenix (Chrono Boost)  
  135  11:12  Probe x2 (Chrono Boost)  
  135  11:14  Probe (Chrono Boost)  
  135  11:16  Probe  
  139  11:19  Probe  
  139  11:20  Probe  
  139  11:23  High Templar  
  139  11:24  Probe, Observer, High Templar x3  
  149  11:28  Probe  
  149  11:29  Archon  
  149  11:30  Archon  
  149  11:31  Probe  
  149  11:38  Probe  
  150  11:41  Probe  
  150  11:42  Assimilator, Pylon  
  150  11:44  Pylon  
  150  11:47  Probe  
  152  11:48  Photon Cannon  
  152  11:51  High Templar x2  
  152  11:52  Zealot x2  
  160  11:59  Probe  
  161  12:02  Probe x2  
  161  12:04  Pylon  
  161  12:08  Zealot x4  
  165  12:11  Archon  
  165  12:12  Sentry  
  165  12:13  Stalker  
  169  12:15  Probe  
  164  12:28  Fleet Beacon  
  164  12:39  Probe  
  153  12:52  High Templar x3  
  153  12:53  Immortal (Chrono Boost), Zealot x3, High Templar  
  153  12:54  Zealot  
  153  12:57  Archon x2  
  145  13:16  Stalker x4  
  123  13:21  Probe  
  123  13:24  Immortal (Chrono Boost), Probe  
  113  13:35  High Templar x4  
  113  13:37  Probe x2 (Chrono Boost)  
  113  13:40  Archon x2  
  121  13:45  Zealot x4  
  101  14:07  Stalker, Probe  
  101  14:08  Stalker  
  91  14:11  Zealot x7  
Show
View Real Time Build Order
Export as new Build Order

Lambo Zerg - Winner!

Build Orders: Hatch First, Muta Ling Bane 

Get SALT Encoding   

  12  0:00  Drone  
  13  0:12  Overlord  
  13  0:16  Drone  
  14  0:30  Drone x2  
  17  0:42  Drone  
  17  0:51  Hatchery  
  17  0:54  Drone  
  17  0:57  Drone  
  18  1:07  Extractor  
  17  1:13  Spawning Pool  
  17  1:15  Drone  
  17  1:18  Drone  
  18  1:29  Drone  
  19  1:39  Drone  
  20  1:50  Overlord  
  20  2:01  Queen  
  20  2:03  Queen  
  20  2:04  Zergling x2, Drone  
  26  2:08  Metabolic Boost  
  26  2:11  Zergling x2  
  26  2:15  Drone  
  28  2:21  Drone  
  29  2:27  Drone  
  30  2:34  Hatchery  
  29  2:37  Drone  
  29  2:41  Drone  
  31  2:47  Overlord, Drone  
  32  2:52  Queen  
  34  2:59  Drone  
  34  3:02  Drone  
  34  3:05  Queen  
  38  3:11  Drone  
  39  3:13  Drone  
  39  3:14  Overlord  
  39  3:18  Drone x3  
  43  3:21  Overlord  
  43  3:27  Drone  
  43  3:31  Queen  
  46  3:34  Drone  
  46  3:36  Overlord, Drone  
  48  3:41  Drone  
  48  3:46  Drone x5  
  54  3:52  Queen  
  54  3:55  Drone  
  57  3:57  Overlord  
  57  4:01  Drone x3  
  60  4:03  Spore Crawler  
  60  4:06  Zergling x4  
  60  4:09  Drone  
  62  4:10  Drone  
  62  4:11  Zergling x2  
  63  4:18  Overlord, Roach Warren  
  63  4:21  Drone x3  
  65  4:24  Overlord  
  65  4:26  Drone  
  65  4:28  Drone  
  67  4:31  Overlord  
  67  4:35  Extractor, Lair  
  67  4:36  Extractor, Drone  
  66  4:40  Drone  
  66  4:42  Drone  
  68  4:47  Zergling x2  
  68  4:50  Zergling x2  
  70  4:53  Zergling x6  
  70  4:56  Drone x3  
  76  5:03  Overlord  
  76  5:04  Drone x2  
  76  5:06  Overlord  
  78  5:07  Queen, Extractor  
  78  5:08  Extractor  
  78  5:09  Overlord  
  78  5:14  Drone x3  
  78  5:21  Evolution Chamber  
  79  5:22  Drone x4  
  79  5:23  Drone x4  
  79  5:27  Extractor  
  84  5:30  Hatchery, Drone x3  
  84  5:33  Drone  
  85  5:35  Overlord, Drone  
  85  5:36  Drone  
  85  5:39  Spore Crawler  
  86  5:43  Spire  
  86  5:45  Drone x2  
  86  5:48  Zerg Missile Weapons Level 1  
  87  5:50  Glial Reconstitution  
  87  5:53  Zergling x2  
  87  5:54  Zergling x2, Drone x2  
  87  5:56  Drone  
  91  5:58  Spore Crawler  
  91  5:59  Drone  
  91  6:00  Drone  
  91  6:02  Overlord  
  92  6:04  Overlord  
  92  6:06  Zergling x4  
  92  6:09  Overlord  
  94  6:14  Drone x3  
  94  6:18  Drone x3  
  93  6:20  Drone x2  
  93  6:22  Drone  
  96  6:32  Baneling Nest  
  95  6:35  Overlord  
  95  6:37  Overlord  
  95  6:43  Drone x4  
  95  6:44  Drone x2  
  101  6:50  Drone x7  
  107  6:54  Mutalisk x5  
  107  6:56  Mutalisk  
  107  6:59  Zerg Flyer Weapons Level 1  
  119  7:02  Extractor  
  119  7:03  Mutalisk x2, Extractor  
  119  7:06  Mutalisk  
  123  7:09  Mutalisk  
  123  7:12  Mutalisk x2  
  123  7:14  Drone x2  
  123  7:15  Drone  
  132  7:18  Drone x3  
  132  7:22  Mutalisk x2  
  135  7:26  Zergling x6  
  135  7:28  Drone x2  
  144  7:31  Zergling x6  
  144  7:37  Mutalisk x2  
  150  7:44  Mutalisk x2  
  150  7:47  Mutalisk, Overlord  
  150  7:49  Overlord  
  150  7:50  Zergling x2  
  150  7:51  Zergling x10  
  162  7:53  Hatchery, Overlord  
  161  8:02  Roach x7  
  175  8:06  Zerg Melee Weapons Level 1  
  175  8:07  Roach  
  175  8:08  Infestation Pit  
  175  8:23  Roach x6  
  187  8:33  Roach x2  
  187  8:34  Roach x7  
  198  8:41  Baneling x9  
  196  8:45  Zergling x6  
  197  8:54  Zergling x12  
  199  8:56  Overlord  
  199  8:58  Overlord  
  195  9:02  Zergling x2  
  195  9:03  Zergling x6  
  195  9:06  Centrifical Hooks  
  195  9:07  Hive  
  188  9:13  Zergling x20  
  183  9:17  Roach x3  
  183  9:23  Roach x2  
  183  9:27  Roach x3  
  176  9:38  Mutalisk x8  
  176  9:43  Zergling x8  
  176  9:45  Ravager x2  
  187  9:47  Zergling x6  
  187  9:48  Ravager  
  191  9:53  Zergling x4, Ravager  
  191  9:57  Zergling x2  
  191  9:58  Zergling x2, Evolution Chamber  
  191  9:59  Ravager  
  196  10:00  Baneling x10  
  196  10:09  Zergling x8  
  196  10:12  Overseer  
  196  10:13  Pneumatized Carapace  
  196  10:14  Hatchery  
  198  10:15  Zerg Melee Weapons Level 2  
  198  10:25  Zergling x4  
  199  10:31  Zergling x4  
  190  10:44  Zergling x22  
  190  10:45  Zergling x2  
  190  10:49  Zergling x20  
  200  10:54  Zergling x2  
  198  10:59  Zergling x12  
  198  11:01  Adrenal Glands  
  198  11:02  Greater Spire  
  200  11:06  Zergling x2  
  200  11:07  Zergling x10  
  190  11:16  Zerg Ground Armor Level 1  
  190  11:21  Corruptor x4  
  194  11:27  Corruptor x2  
  194  11:30  Baneling x6  
  194  11:31  Baneling x14  
  192  11:37  Corruptor x2  
  194  11:44  Drone x6  
  200  11:50  Extractor  
  200  11:52  Spine Crawler, Extractor  
  200  11:53  Spore Crawler  
  195  12:08  Zergling x10  
  191  12:23  Baneling x29  
  191  12:24  Zergling x18, Baneling x3  
  199  12:46  Zergling x2  
  198  13:03  Zergling x6  
  199  13:09  Zergling x20  
  199  13:11  Roach x2  
  190  13:16  Roach x12  
  190  13:17  Roach  
  193  13:22  Zergling x28  
  193  13:27  Zergling x8  
  200  13:36  Baneling x25  
  200  13:55  Zergling x14  
  200  14:00  Zergling x2  
  200  14:01  Zergling x16  
Tags
 
Add a new tag
Caveats
  • Supply blocks, unpowered buildings, or Contaminate may cause inaccurate times.
  • Supply counts are checked every 10 seconds.